 Dungeon Crawl Stone Soup version 0.19.4-8-ga85b6b9 (webtiles) character file.

394 Gargoyl the Skirmisher (level 6, 0/52 HPs)
             Began as a Ghoul Abyssal Knight on Feb 7, 2017.
             Was a Believer of Lugonu.
             Slain by kasmir's ghost (10 damage)
             ... on level 3 of the Dungeon.
             The game lasted 00:06:23 (3044 turns).

Gargoyl the Skirmisher (Ghoul Abyssal Knight)       Turns: 3044, Time: 00:06:24

Health: 0/52       AC:  8    Str: 16    XL:     6   Next: 81%
Magic:  7/7        EV: 11    Int:  7    God:    Lugonu [**....]
Gold:   207        SH:  0    Dex: 12    Spells: 0 memorised, 5 levels left

rFire  . . .     SeeInvis +     b - +9 war axe "Zusoupy" {chop, Dex+2 SInv}
rCold  + . .     Gourm    .     d - +0 ring mail
rNeg   + + +     Faith    .     (no shield)
rPois  ∞         Spirit   .     n - +1 helmet
rElec  .         Reflect  .     (no cloak)
rCorr  .         Harm     .     (no gloves)
MR     .....                    (no boots)
Stlth  +.........               (no amulet)
                                (no ring)
                                (no ring)

@: rotting
A: rotting body, claws 1, carnivore 3, cold resistance 1, negative energy
resistance 3, slow regeneration 1, torment resistance, unbreathing
a: Depart the Abyss, Bend Space, Renounce Religion


You were on level 3 of the Dungeon.
You worshipped Lugonu.
Lugonu was pleased with you.
You were not hungry.

You visited 1 branch of the dungeon, and saw 4 of its levels.
You visited the Abyss 1 time.

You collected 207 gold pieces.

Inventory:

Hand Weapons
 a - a +1 hand axe
 b - the +9 war axe "Zusoupy" (weapon) {chop, Dex+2 SInv}
   (You found it on level 4 of the Dungeon)

   It inflicts extra damage upon your enemies.
   It affects your dexterity (+2).
   It lets you see invisible.
 g - a +1 whip of electrocution
Missiles
 h - 8 tomahawks of returning (quivered)
Armour
 d - a +0 ring mail (worn)
 n - a +1 helmet (worn)
Scrolls
 e - 5 scrolls of identify
 f - 2 scrolls of fog
 k - 4 scrolls of remove curse
 r - a scroll of blinking
Potions
 i - a potion of degeneration {unknown}
 j - a potion of agility {unknown}
 m - a potion of curing {unknown}
 p - a potion of mutation {unknown}
 q - a potion of cancellation {unknown}
 s - a potion of lignification {unknown}
Comestibles
 c - a meat ration
 l - 2 slices of pizza
 o - 2 beef jerkies
 t - a chunk of flesh


   Skills:
 + Level 4.2 Fighting
 + Level 1.8(2.4) Axes
 + Level 2.4(2.8) Maces & Flails
 + Level 0.1 Throwing
 * Level 4.1 Armour
 + Level 2.1 Dodging
 * Level 3.3 Invocations


You had 5 spell levels left.
You didn't know any spells.

Dungeon Overview and Level Annotations

Branches:
Dungeon (4/15)             Temple (0/1) D:4

Altars:

Annotations:
D:3 kasmir's ghost, amateur GrWn


Innate Abilities, Weirdness & Mutations

Your body is rotting away.
You thrive on raw meat.
You are immune to poison.
You have sharp fingernails.
You are carnivorous and can eat meat at any time.
Your flesh is cold resistant. (rC+)
You are immune to negative energy. (rN+++)
You regenerate slowly when monsters are visible.
You are immune to unholy pain and torment.
You can survive without breathing.


Message History

Kasmir's ghost hits you!
You closely miss kasmir's ghost.
Kasmir's ghost is heavily damaged.
Kasmir's ghost whispers, "Everlasting silence awaits you..."
Kasmir's ghost hits you but does no damage.
Kasmir's ghost hits you.
You slash kasmir's ghost!
Kasmir's ghost is almost destroyed.
Kasmir's ghost hits you!
You hit kasmir's ghost but do no damage.
Kasmir's ghost is almost destroyed.
Kasmir's ghost completely misses you. Kasmir's ghost misses you.
You closely miss kasmir's ghost.
Kasmir's ghost is almost destroyed.
Kasmir's ghost hits you!
* * * LOW HITPOINT WARNING * * *
You barely miss kasmir's ghost.
Kasmir's ghost is almost destroyed.
Kasmir's ghost hits you!
You die...

#.##..............#
..... ...#.....###
##..###.......###.#
#.........#..)....#
#..#..........#####
#......#.##...###
....##.#...##.(...#
.#. #.#.####...#.#
# # #.#....#..@W.#
#.#.##...#.###
##......#.#.#
..........###
####.#.##.#.#######
..................#
!...........#####.#
########........#
#........#


You could see kasmir's ghost.

Vanquished Creatures
  A centaur (D:4)
  A bullfrog skeleton (D:4)
  Jessica (D:3)
  Natasha (D:2)
  4 worker ants (D:4)
  Robin (D:2)
  6 adders
  An ooze (D:4)
  2 worms
  3 dart slugs
  2 leopard geckos
  A giant cockroach (D:2)
  8 goblins
  8 hobgoblins
  3 jackals (D:3)
  10 kobolds
  3 quokkas
  A ball python (D:2)
  5 bats
  6 frilled lizards
  2 quokka skeletons (D:4)
  10 rats
80 creatures vanquished.

Notes
Turn   | Place    | Note
-------+----------+-------------------------------------------
     0 | Abyss:1  | Gargoyl the Ghoul Abyssal Knight began the quest for the Orb.
     0 | Abyss:1  | Reached XP level 1. HP: 19/19 MP: 1/1
   103 | Abyss:1  | Noticed a ynoxinul
   106 | D:1      | Escaped the Abyss
   129 | D:1      | Reached skill level 1 in Dodging
   400 | D:1      | Reached XP level 2. HP: 25/26 MP: 2/2
   403 | D:1      | Reached * piety under Lugonu
  1013 | D:2      | Noticed Robin
  1050 | D:1      | Reached XP level 3. HP: 15/31 MP: 3/3
  1075 | D:1      | Reached skill level 1 in Maces & Flails
  1187 | D:2      | Killed Robin
  1381 | D:2      | Reached XP level 4. HP: 40/40 MP: 4/4
  1437 | D:2      | Noticed Natasha
  1448 | D:2      | Killed Natasha
  1814 | D:2      | Reached XP level 5. HP: 42/46 MP: 6/6
  2079 | D:3      | Reached ** piety under Lugonu
  2260 | D:3      | Noticed Jessica
  2268 | D:3      | Killed Jessica
  2355 | D:3      | Noticed kasmir's ghost (amateur GrWn)
  2525 | D:4      | Reached XP level 6. HP: 51/52 MP: 7/7
  2653 | D:4      | Found a staircase to the Ecumenical Temple.
  2902 | D:4      | Got a fine war axe
  2903 | D:4      | Identified the +9 war axe "Zusoupy" {chop, Dex+2 SInv} (You found it on level 4 of the Dungeon)
  3044 | D:3      | Slain by kasmir's ghost

Skill      XL: |  1  2  3  4  5  6 |
---------------+-------------------+-----
Dodging        | 1 2 |  2.1
Armour         | 2 3 4 |  4.1
Maces & Flails | 1 2 |  2.4
Invocations    | 3 |  3.3
Fighting       | 4 |  4.2
Axes           | |  1.8
Throwing       | |  0.1

Action                   |  1- 3 |  4- 6 || total
-------------------------+-------+-------++-------
Melee: Whip              |    90 |   182 ||   272
       War axe           |       |    18 ||    18
Throw: Tomahawk          |     6 |       ||     6
Invok: Depart the Abyss  |     1 |       ||     1
  Use: Scroll            |     5 |     2 ||     7
  Eat: Chunk             |    23 |    24 ||    47
Armor: Leather armour    |    29 |    25 ||    54
       Ring mail         |       |    51 ||    51
Dodge: Dodged            |    53 |   108 ||   161
